Map: Dash and Terminal LE (Void)

Players

wabbajack

  • Race: Zerg Zerg
  • League: Gold

YungLife - Winner!

  • Race: Zerg Zerg
  • League: Silver

VOD

Have the link to the VOD?

Description

Time

  • Played on: July 21, 2015, 11 p.m.
  • Length: 8:16
Show
View Real Time Build Order
Export as new Build Order

wabbajack Zerg 

Build Orders: Pool First 

Get SALT Encoding   

  12  0:01  Drone  
  13  0:11  Drone  
  14  0:18  Overlord  
  14  0:31  Drone x2, Extractor x2  
  16  0:38  Drone  
  17  0:56  Extractor, Spawning Pool  
  17  0:57  Drone x2  
  18  1:18  Hatchery  
  18  1:21  Extractor  
  16  1:28  Drone x2  
  16  1:30  Drone  
  19  1:40  Overlord  
  19  1:47  Queen  
  19  1:52  Zergling x2  
  22  2:06  Extractor  
  21  2:20  Zergling x2  
  22  2:28  Queen  
  24  2:35  Roach Warren  
  24  2:36  Drone  
  24  2:37  Drone x3  
  27  2:49  Overlord  
  27  2:51  Metabolic Boost  
  27  2:54  Drone  
  27  2:58  Drone  
  29  3:13  Drone x2  
  29  3:14  Drone x2  
  29  3:15  Drone  
  34  3:22  Spine Crawler  
  33  3:38  Overlord  
  33  3:41  Roach  
  33  3:42  Roach x4  
  33  3:44  Overlord  
  43  3:58  Drone  
  44  4:13  Roach  
  44  4:14  Roach x7  
  60  4:20  Overlord x2  
  60  4:26  Overlord  
  60  4:43  Lair  
  60  4:45  Zergling x2  
  61  4:46  Zergling x12  
  61  4:47  Zergling x2  
  68  5:14  Zergling x14  
  69  5:15  Zergling x2  
  69  5:19  Overlord  
  76  5:31  Hatchery  
  45  6:22  Hydralisk Den  
  40  6:25  Extractor  
  35  6:33  Drone x14  
  49  6:51  Roach  
  49  6:52  Roach x10  
  70  7:06  Zergling x8  
  56  7:29  Roach x8  
  69  7:30  Roach x3  
  69  7:32  Zergling x2  
  69  7:34  Queen  
Show
View Real Time Build Order
Export as new Build Order

YungLife Zerg - Winner!

Build Orders: Pool First 

Get SALT Encoding   

  12  0:01  Drone  
  13  0:12  Overlord  
  14  0:21  Drone  
  14  0:31  Drone x2  
  14  0:34  Drone  
  17  0:45  Drone, Extractor  
  17  0:51  Spawning Pool  
  17  0:56  Drone  
  17  1:07  Drone  
  18  1:17  Overlord  
  18  1:30  Hatchery  
  17  1:40  Queen  
  17  1:45  Metabolic Boost  
  19  1:49  Zergling x2  
  19  1:52  Zergling x2  
  21  1:59  Drone  
  22  2:04  Drone  
  23  2:12  Zergling x2  
  24  2:17  Queen  
  26  2:30  Drone  
  26  2:35  Overlord  
  27  2:47  Queen  
  27  2:49  Overlord  
  29  2:53  Drone  
  29  2:54  Drone x4  
  34  3:08  Roach Warren  
  33  3:17  Spine Crawler  
  33  3:19  Drone x2  
  34  3:21  Spine Crawler  
  33  3:45  Overlord x2  
  33  3:48  Roach x5  
  43  4:02  Evolution Chamber  
  42  4:07  Extractor  
  42  4:09  Roach  
  45  4:10  Roach  
  45  4:27  Roach  
  47  4:33  Roach  
  49  4:39  Drone x4  
  49  4:45  Drone x4  
  56  5:08  Spine Crawler, Roach x5  
  56  5:09  Overlord, Roach  
  67  5:31  Roach  
  67  5:32  Roach x3  
  60  5:58  Roach x8  
  75  6:18  Roach x3  
  75  6:39  Overlord x5  
  75  6:56  Queen  
  71  7:09  Roach x9  
  71  7:10  Roach  
  87  7:23  Roach x2  
  89  7:32  Queen  
  87  7:48  Roach x4  
Tags
 
Add a new tag
Caveats
  • Supply blocks, unpowered buildings, or Contaminate may cause inaccurate times.
  • Supply counts are checked every 10 seconds.